 Dungeon Crawl Stone Soup version 0.13-a0-1536-gedae9ec (webtiles) character file.

165 Kae the Sneak (level 3, -1/16 HPs)
             Began as a Spriggan Enchanter on June 9, 2013.
             Slain by a worm (8 damage)
             ... on Level 2 of the Dungeon.
             The game lasted 00:01:04 (1757 turns).

Kae the Sneak (Spriggan Enchanter)                  Turns: 1757, Time: 00:01:04

HP  -1/16        AC  3     Str  5      XL: 3   Next: 73%
MP   7/9         EV 18     Int 16      God:
Gold 108         SH  0     Dex 16      Spells:  2 memorised,  4 levels left

Res.Fire  : . . .   See Invis. : +   a - +1 dagger {=f}
Res.Cold  : . . .   Warding    : .   b - +1 robe
Life Prot.: . . .   Conserve   : .   (shield restricted)
Res.Poison: .       Res.Corr.  : .   (helmet restricted)
Res.Elec. : .       Clarity    : .   (no cloak)
Sust.Abil.: . .     Spirit.Shd : .   (gloves unavailable)
Res.Mut.  : .       Stasis     : .   (boots unavailable)
Res.Rott. : .       Flight     : .   (no amulet)
Saprovore : . . .                    (no ring)
                                     (no ring)

@: very quick, slightly resistant to hostile enchantments, quite stealthy
A: unfitting armour, see invisible, herbivore 3, speed 3, slow metabolism 2
a: no special abilities


You were on level 2 of the Dungeon.
You were not hungry.

You visited 1 branch of the dungeon, and saw 2 of its levels.

You collected 88 gold pieces.

Inventory:

Hand weapons
 a - a +1,+1 dagger (weapon) {=f}
Missiles
 d - 12 darts (quivered)
Armour
 b - a +1 robe (worn)
Scrolls
 j - a scroll of remove curse {unknown}
 k - 2 scrolls of identify {unknown}
 m - a scroll of random uselessness {unknown}
 n - a scroll of teleportation {unknown}
 p - a scroll of fear {unknown}
 q - a scroll of enchant weapon II {unknown}
 r - a scroll of curse armour {unknown}
 t - a scroll of amnesia {unknown}
 u - a scroll of fog {unknown}
 v - a scroll of noise {unknown}
Jewellery
 h - an uncursed ring of flight {unknown}
 i - an uncursed ring of flight {unknown}
 s - an uncursed ring of flight {unknown}
Potions
 e - a potion of porridge
 f - 3 potions of might {unknown}
 g - a potion of cure mutation {unknown}
 l - a potion of brilliance {unknown}
 o - a potion of beneficial mutation {unknown}
Books
 c - a book of Maledictions

   Spells                             Type                      Level
   *Corona                            Hexes                        1
   Sure Blade                         Hexes/Charms                 2
   *Ensorcelled Hibernation           Hexes/Ice                    2
   Confuse                            Hexes                        3
   Enslavement                        Hexes                        4
   Invisibility                       Hexes                        6


   Skills:
 + Level 2.1 Short Blades
 - Level 1.1 Throwing
 - Level 3.0 Dodging
 + Level 4.1 Stealth
 + Level 2.6 Spellcasting
 + Level 4.1 Hexes


You had 4 spell levels left.
You knew the following spells:

 Your Spells              Type           Power        Failure   Level  Hunger
a - Corona                Hex            ###....      4%          1    #......
b - Ensorcelled Hibernat  Hex/Ice        #.....       14%         2    ##.....


Dungeon Overview and Level Annotations

Branches:
Dungeon (2/27)

Altars:
Okawaru


Innate Abilities, Weirdness & Mutations

You are tiny and cannot use many weapons and most armour.
You have supernaturally acute eyesight.
You are a herbivore.
You cover ground extremely quickly.
You need consume almost no food.


Message History

A worm is nearby!
A giant gecko comes into view.
You barely miss the worm. The worm bites you.
Casting: Ensorcelled Hibernation
Confirm with . or Enter, or press ? or * to list all spells.
Aiming: Ensorcelled Hibernation
Press: ? - help, Shift-Dir - straight line, f - worm
Aim: a worm The worm looks drowsy...
The helpless worm fails to defend itself.
You slice the worm!!
The worm is almost dead.
The worm bites you.
You hit the worm.
The worm is almost dead.
You hit the worm.
The worm is almost dead.
The worm bites you!
Ouch! That really hurt!
You die...

####.....######.######..
#................#####..
.....................'..
..........####.#..###.#..
.........## #.##.###.###
.........# #........###
###......# #..#.#.....#
#.?....# #..#.#.....#
#....l@# #..#.#.....#
#....w.# #..#.#.....#
#......# #..#.###+###
#......# #..#.# +.......
#..#.# #....... ...#.#
....... ......# ..##...
... #.. ..#


You could see a worm and a giant gecko.

Vanquished Creatures
  An adder (D:2)
  A worm (D:1)
  3 hobgoblins
  9 jackals
  3 kobolds
  A ball python (D:1)
  4 bats
  2 giant cockroaches
  4 giant geckos
  A giant newt (D:1)
  7 goblins
  2 rats (D:1)
38 creatures vanquished.

Vanquished Creatures (others)
  A hobgoblin (D:1)
1 creature vanquished.

Grand Total: 39 creatures vanquished

Notes
Turn   | Place    | Note
--------------------------------------------------------------
     0 | D:1      | Kae, the Spriggan Enchanter, began the quest for the Orb.
     0 | D:1      | Reached XP level 1. HP: 9/9 MP: 4/4
   409 | D:1      | Reached XP level 2. HP: 11/13 MP: 6/6
   413 | D:1      | Learned a level 2 spell: Ensorcelled Hibernation
  1031 | D:1      | Reached XP level 3. HP: 16/16 MP: 6/9
  1381 | D:2      | Reached skill level 4 in Hexes
  1560 | D:2      | Found an iron altar of Okawaru.
  1757 | D:2      | Slain by a worm

Action                   || total
-------------------------++-------
Melee: Dagger            ||   180
 Cast: Ensorcelled Hiber ||     7
 Stab: Sleeping          ||    12
